 Dungeon Crawl Stone Soup version 0.30-a0-1050-g2766ea1e55 (webtiles) character file.

Game seed: 10578024699737528818

149 Arcadio the Grave Robber (level 5, -6/38 HPs)
             Began as a Ghoul Necromancer on Apr 10, 2023.
             Was an Initiate of Hepliaklqana.
             Killed by divine providence
             ... invoked by an orc priest
              (16 damage)
             ... on level 4 of the Dungeon.
             The game lasted 00:18:23 (3080 turns).

Arcadio the Grave Robber (Ghoul Necromancer)        Turns: 3080, Time: 00:18:23

Health: -6/38      AC: 10    Str: 10 (12) XL:     5   Next: 31%
Magic:  0/8        EV: 12    Int: 17 (18) God:    Hepliaklqana [......]
Gold:   115        SH:  0    Dex:  8 (9)  Spells: 2/10 levels left

rFire   . . .      SeeInvis .    s - +1 trident
rCold   + . .      Faith    .    (no shield)
rNeg    + + +      Spirit   .    a - +1 robe
rPois   ∞          Reflect  .    (no helmet)
rElec   .          Rampage  .    (no cloak)
rCorr   .                        g - +2 pair of gloves
Will    .....                    (no boots)
Stlth   ++                       k - amulet of the acrobat
HPRegen 0.00/turn                c - +4 ring of protection
MPRegen 0.11/turn                j - +6 ring of intelligence

@: inhibited regen
A: claws 1, cold resistance 1, negative energy resistance 3, inhibited
regeneration, torment resistance 2, devour on kill
a: Renounce Religion


You were on level 4 of the Dungeon.
You worshipped Hepliaklqana.
Hepliaklqana was noncommittal.
You visited 2 branches of the dungeon, and saw 5 of its levels.

You collected 115 gold pieces.

Inventory:

Hand Weapons
 d - a +0 spear
 s - a +1 trident (weapon)
Armour
 a - a +1 robe (worn)
 g - a +2 pair of gloves (worn)
 i - the +0 robe of Bedevilment {Int+2 Slay-6 SInv}
   (You found it on level 2 of the Dungeon)

   Int:       It affects your intelligence (+2).
   Slay:      It affects your accuracy & damage with ranged weapons and melee
   (-6).
   SInv:      It lets you see invisible.
Jewellery
 c - a +4 ring of protection (left hand)
 f - a ring of flight
 j - a +6 ring of intelligence (right hand)
 k - an amulet of the acrobat (around neck)
Scrolls
 m - a scroll of enchant armour
 p - a scroll of amnesia
 r - a scroll of magic mapping
 t - a scroll of vulnerability
Potions
 b - a potion of magic
 e - a potion of attraction {unknown}
 h - a potion of brilliance {unknown}
 o - a potion of ambrosia {unknown}
 q - a potion of lignification {unknown}


   Skills:
 + Level 3.0 Dodging
 - Level 2.1 Stealth
 + Level 3.0 Spellcasting
 + Level 4.9 Necromancy


You had 2 spell levels left.
You knew the following spells:

 Your Spells              Type           Power      Damage    Failure   Level
a - Necrotise             Necr           76%        1d7       2%          1
b - Vampiric Draining     Necr           19%        2d7       7%          3
c - Animate Dead          Necr           19%        N/A       22%         4

Your spell library contained the following spells:

 Spells                   Type           Power      Damage    Failure   Level
 Summon Small Mammal      Summ           8%         N/A       17%         1
 Call Canine Familiar     Summ           2%         N/A       45%         3
 Summon Guardian Golem    Hex/Summ       2%         N/A       45%         3
 Agony                    Necr           19%        N/A       54%         5


Dungeon Overview and Level Annotations

Branches:
Dungeon (4/15) Zot: 21011  Temple (1/1) D:4 Zot: 5882

Altars:
Ashenzari
Gozag
Hepliaklqana
Kikubaaqudgha
Makhleb
Okawaru
Qazlal
Ru
Vehumet


Innate Abilities, Weirdness & Mutations

You are immune to poison.
You have sharp fingernails.
Your flesh is cold resistant. (rC+)
You are immune to negative energy. (rN+++)
You do not regenerate when monsters are visible.
You are immune to unholy pain and torment.
You thrive by killing the living.


Message History

Casting: Vampiric Draining (dangerous; 7% risk of failure)
Confirm with . or Enter, or press ? or * to list all spells.
Aiming: Vampiric Draining (dangerous; 7% risk of failure)
Press: ? - help, Shift-Dir - straight line, f - orc
Aim: an orc, wielding a +0 falchion You draw life force from the orc.
You feel life coursing into your body. The orc hits you but does no damage.
Casting: Vampiric Draining (dangerous; 7% risk of failure)
Confirm with . or Enter, or press ? or * to list all spells.
Aiming: Vampiric Draining (dangerous; 7% risk of failure)
Press: ? - help, Shift-Dir - straight line, f/p - orc
Aim: an orc, wielding a +0 falchion (almost dead)
You draw life force from the orc.
You kill the orc!
You feel better.
Casting: Vampiric Draining (dangerous; 7% risk of failure)
Confirm with . or Enter, or press ? or * to list all spells.
You don't have enough magic to cast this spell.
You hit the orc priest.
The orc priest is moderately wounded.
The orc priest begins to cast a cantrip, but forgets the words!
You puncture the orc priest!
The orc priest is severely wounded.
You miss something. You miss something. Something hits you.
Something hits you but does no damage.
You miss something.
An orc wizard appears from thin air!
Reactivating autopickup.
The orc wizard hits you but does no damage.
Casting: Vampiric Draining (dangerous; 7% risk of failure)
Confirm with . or Enter, or press ? or * to list all spells.
Aiming: Vampiric Draining (dangerous; 7% risk of failure)
Press: ? - help, Shift-Dir - straight line, f - orc wizard
Aim: an orc wizard, wielding a +0 dagger and wearing a +0 robe You draw life force from the orc wizard.
You feel life coursing into your body.
The orc priest mumbles some strange prayers to Beogh against you.
Beogh smites you!
The orc priest mumbles some strange prayers to Beogh against you.
Beogh smites you!
You die...

###########
*********
#.†....@oo#
*,,,,,,,*
#.#######o#
*,*****,* #.# #.#
*,*****,* #.#
###*#.#** **,**,,,,,
#.#
#..,...,***,,,,*,*,*
#.#
#.#*#.#,**,,,,***,,*
#.# #.# #.#,***,,**
**,*
#.###.###.#,,,,,**
**,
#.........#*****,**
**


You could see 2 orc priests and an orc wizard.

Vanquished Creatures
  An iguana (D:4)
  A sleepcap (D:4)
  Robin (D:2)
  2 adders
  A dart slug (D:1)
  2 orcs
  2 bats
  6 endoplasms
  4 giant cockroaches
  8 goblins
  9 hobgoblins
  4 jackals (D:3)
  2 quokkas
  3 ball pythons
  2 frilled lizards (D:3)
  8 kobolds
  3 rats
59 creatures vanquished.

Vanquished Creatures (collateral kills)
  A goblin (D:2)
1 creature vanquished.

Vanquished Creatures (others)
  A fungus (D:4)
1 creature vanquished.

Grand Total: 61 creatures vanquished

Notes
Turn   | Place    | Note
-------+----------+-------------------------------------------
     0 | D:1      | Arcadio the Ghoul Necromancer began the quest for the Orb.
     0 | D:1      | Reached XP level 1. HP: 14/14 MP: 2/2
   184 | D:1      | Reached XP level 2. HP: 20/20 MP: 2/4
   443 | D:2      | Identified the +0 robe of Bedevilment {Int+2 Slay-6 SInv}
   659 | D:2      | Noticed Robin
   775 | D:1      | Reached XP level 3. HP: 26/26 MP: 5/5
  1136 | D:2      | Killed Robin
  1267 | D:2      | Learned a level 3 spell: Vampiric Draining
  1305 | D:2      | Reached XP level 4. HP: 33/33 MP: 2/6
  2399 | D:3      | Learned a level 4 spell: Animate Dead
  2428 | D:4      | Found a broken altar of Ashenzari.
  2444 | D:4      | Found a staircase to the Ecumenical Temple.
  2453 | Temple   | Entered the Ecumenical Temple
  2563 | Temple   | Became a worshipper of Hepliaklqana the Forgotten
  2581 | D:4      | Noticed a phantom
  2956 | D:4      | Reached XP level 5. HP: 28/38 MP: 1/8
  3080 | D:4      | Killed from afar by an orc priest

Illustrated notes

Levels and vault maps discovered:
D:1:      spicycebolla_arrival_ecumenical, layout_rooms, minmay_vboxes
D:2:      layout_rooms, uniq_robin
D:3:      layout_loops_corners
D:4:      layout_loops_corners, mainiacjoe_overflow_cross_hatched,
          ashenzari_conservatory_becter, minmay_temple_entry_slanted,
          dk_rats_in_the_wall, uniq_crazy_yiuf_cottage
Temple:   hellmonk_temple_two_chambers

Skill      XL: |  1  2  3  4  5 |
---------------+----------------+-----
Dodging        | 2 3 |  3.0
Spellcasting   | 2 3 |  3.0
Stealth        | |  2.1
Necromancy     | |  4.9

Action                     |  1- 3 |  4- 6 || total
---------------------------+-------+-------++-------
  Melee: Spear             |   120 |    28 ||   148
         Unarmed           |     6 |       ||     6
         Punch             |     1 |       ||     1
         Trident           |       |    36 ||    36
   Cast: Necrotise         |    21 |    16 ||    37
         Vampiric Draining |       |     9 ||     9
    Use: Scroll            |       |     7 ||     7
         Potion            |       |     4 ||     4
   Stab: Sleeping          |     3 |       ||     3
 Armour: Robe              |    29 |    26 ||    55
  Dodge: Dodged            |    82 |    36 ||   118

Table legend: (Time is in decaauts)
 A = Elapsed time spent in this place.
 B = Non-inter-level travel time spent in this place.
 C = Inter-level travel time spent in this place.
 D = Time resting spent in this place.
 E = Time spent auto-exploring this place.
 F = Levels seen in this place.
 G = Mean time per level.
                   A        B        C        D        E       F      G
               +--------+--------+--------+--------+--------+-----+--------+
         Total |   3105 |   3037 |     68 |    371 |   1692 |   5 |  621.0 |
       Dungeon |   2987 |   2919 |     68 |    371 |   1627 |   4 |  746.8 |
        Temple |    117 |    117 |      0 |      0 |     65 |   1 |  117.0 |
               +--------+--------+--------+--------+--------+-----+--------+

Top non-repeatable levels by time:
     D:3: 903 daAuts
     D:2: 824 daAuts
     D:1: 752 daAuts
     D:4: 507 daAuts
  Temple: 117 daAuts
